 Dungeon Crawl Stone Soup version 0.24-a0-201-gf205589 (webtiles) character file.

Game seed: 10121980197719550317

17854 Borgoz the Slicer (level 12, -2/104 HPs)
             Began as a Ghoul Monk on Mar 22, 2019.
             Was an Elder of Ashenzari.
             Impaled on a porcupine's spines (11 damage)
             ... on level 4 of the Lair of Beasts.
             The game lasted 00:45:09 (17942 turns).

Borgoz the Slicer (Ghoul Monk)                     Turns: 17942, Time: 00:45:10

Health: -2/104     AC: 16    Str: 16    XL:     12   Next: 52%
Magic:  12/13      EV: 15    Int:  7    God:    Ashenzari [****..]
Gold:   715        SH:  0    Dex: 17    Spells: 10/14 levels left

rFire    . . .     SeeInvis +   a - +2 dagger (protect)
rCold    + + .     Gourm    .   (no shield)
rNeg     + + +     Faith    .   A - +1 scale mail of Biupn {rC+ Dex+4} (curse)
rPois    ∞         Spirit   .   d - +0 helmet
rElec    .         Reflect  .   F - +0 cloak
rCorr    +         Harm     .   f - +1 pair of gloves
MR       .....     Clarity  +   M - +0 pair of boots
Stlth    ++........             r - amulet of the acrobat
HPRegen  0.00/turn              i - ring of wizardry
MPRegen  0.13/turn              t - ring of resist corrosion

@: confusing touch, rotting
A: rotting body, claws 1, carnivore, cold resistance 1, negative energy
resistance 3, inhibited regeneration, torment resistance, unbreathing
a: Curse Item, Scrying, Renounce Religion


You were on level 4 of the Lair of Beasts.
You worshipped Ashenzari.
Ashenzari was greatly pleased with you.
You were not hungry.

You visited 3 branches of the dungeon, and saw 16 of its levels.

You collected 907 gold pieces.
You spent 192 gold pieces at shops.

Inventory:

Hand Weapons
 a - a +2 dagger of protection (weapon)
 b - a +0 blowgun
 E - a +0 rapier
Missiles
 p - 53 poisoned needles
 s - 2 throwing nets (quivered)
Armour
 d - a +0 helmet (worn)
 f - a +1 pair of gloves (worn)
 j - a +0 ring mail
 A - the cursed +1 scale mail of Biupn (worn) {rC+ Dex+4}
   (You found it on level 3 of the Lair of Beasts)

   It affects your dexterity (+4).
   It protects you from cold.
   It has a curse placed upon it.
 F - a +0 cloak (worn)
 M - a +0 pair of boots (worn)
Jewellery
 i - a ring of wizardry (left hand)
 r - an amulet of the acrobat (around neck)
 t - a ring of resist corrosion (right hand)
Wands
 m - a wand of enslavement (5)
 q - a wand of random effects (15)
 D - a wand of disintegration (9)
Scrolls
 h - a scroll of remove curse
 k - a scroll of teleportation
 l - a scroll of identify
 o - 2 scrolls of enchant weapon
 u - a scroll of fear
 v - a scroll of summoning
 y - 2 scrolls of fog
 z - a scroll of silence
 H - 2 scrolls of magic mapping
Potions
 e - 4 potions of resistance
 n - 3 potions of curing
 w - a potion of haste
 x - 5 potions of flight
 B - 2 potions of brilliance
 C - 3 potions of cancellation
Comestibles
 c - 41 rations
 g - 4 chunks of flesh


   Skills:
 + Level 9.0 Fighting
 * Level 10.3 Short Blades
 * Level 8.9 Armour
 * Level 9.4 Dodging
 + Level 7.5 Stealth
 + Level 1.6 Spellcasting
 * Level 2.4 Hexes


You had 10 spell levels left.
You knew the following spells:

 Your Spells              Type           Power        Failure   Level  Hunger
a - Confusing Touch       Hex            #.....       16%         1    ##.....
b - Confuse               Hex            #.......     43%         3    ####...

Your spell library contained the following spells:

 Spells                   Type           Power        Failure   Level  Hunger
 Summon Small Mammal      Summ           #...         41%         1    ##.....
 Call Imp                 Summ           #.......     54%         2    ###....
 Corpse Rot               Necr           N/A          54%         2    ###....
 Summon Guardian Golem    Hex/Summ       #.......     61%         3    ####...
 Call Canine Familiar     Summ           #.......     77%         3    ####...
 Gell's Gravitas          Tloc           #.........   77%         3    ####...
 Petrify                  Tmut/Erth      #.......     98%         4    #####..
 Summon Ice Beast         Ice/Summ       #.......     98%         4    #####..
 Summon Lightning Spire   Summ/Air       #.......     98%         4    #####..
 Metabolic Englaciation   Hex/Ice        #.........   99%         5    ######.
 Yara's Violent Unravell  Hex/Tmut       #.........   99%         5    ######.
 Agony                    Necr           #.......     100%        5    ######.
 Bolt of Draining         Conj/Necr      #.........   100%        5    ######.
 Dispel Undead            Necr           #.......     100%        5    ######.
 Excruciating Wounds      Chrm/Necr      #.........   100%        5    ######.
 Sublimation of Blood     Necr           Unusable     N/A         2    N/A

Dungeon Overview and Level Annotations

Branches:
Dungeon (11/15)            Temple (1/1) D:7            Lair (4/6) D:9
  Swamp (0/4) Lair:3       Spider (0/4) Lair:2          Orc (0/2) D:11

Altars:
Ashenzari
Cheibriados
Dithmenos
Elyvilon
Fedhas
Gozag
Hepliaklqana
Kikubaaqudgha
Makhleb
Nemelex Xobeh
Okawaru
Qazlal
Ru
Sif Muna
Trog
Uskayaw
Vehumet
Wu Jian
Xom
Yredelemnul
Zin
The Shining One

Shops:
D:8 !

Annotations:
D:9 3 runed translucent doors, Lanoc's ghost, journeyman FoEE
Lair:2 1 runed translucent door, exclusions: ice statue and 3 oklob plants, Buarolus's ghost, journeyman DEFE


Innate Abilities, Weirdness & Mutations

Your body is rotting away.
You thrive on raw meat.
You are immune to poison.
You have sharp fingernails.
You are carnivorous and can eat meat at any time.
Your flesh is cold resistant. (rC+)
You are immune to negative energy. (rN+++)
You do not regenerate when monsters are visible.
You are immune to unholy pain and torment.
You can survive without breathing.


Message History

You are struck by the porcupine's spines.
* * * LOW HITPOINT WARNING * * *
Your scale mail of Biupn prevents you from hitting the porcupine.
Casting: Confusing Touch (safe; 16% risk of failure)
Confirm with . or Enter, or press ? or * to list all spells.
Aiming: Confuse (slightly dangerous; 43% risk of failure)
Press: ? - help, Shift-Dir - straight line, f - porcupine
Aim: a porcupine (chance to defeat MR: 35%)
Okay, then.
Casting: Confuse (slightly dangerous; 43% risk of failure)
Confirm with . or Enter, or press ? or * to list all spells.
You don't know that spell.
Casting: Confuse (slightly dangerous; 43% risk of failure)
Confirm with . or Enter, or press ? or * to list all spells.
Your hands begin to glow red.
The porcupine misses you.
You hit the porcupine but do no damage.
The porcupine bites you but does no damage.
You hit the porcupine but do no damage. The porcupine barely misses you.
You are struck by the porcupine's spines.
You die...

,, ≈
≈≈≈≈≈≈≈≈≈≈;..#.##P.###
, , ≈
≈≈≈≈≈≈≈≈....#..##.# ,
≈≈≈
≈≈≈≈≈≈≈≈...........* *
,, *
≈≈≈≈≈......P#.#### ,,
* ≈≈ ≈≈≈≈#≈#P#P.#### *
*≈≈≈#######..## , ,
**#. ** ##..# , *
$#...######..## ,,
,......r@.....# , ,*
**.P...#####.#..# ,...
###### * ,**** *# **


You could see a porcupine.

Vanquished Creatures
  Fannar (Lair:3)
  2 hydras (Lair:3)
  Harold (D:8)
  2 two-headed ogres
  3 elephants (Lair:4)
  2 black mambas (Lair:1)
  Maurice (D:8)
  2 gargoyles
  2 spiny frogs (Lair:4)
  A komodo dragon (Lair:1)
  A polar bear (Lair:2)
  A hornet (D:9)
  2 hippogriffs
  A soldier ant (D:8)
  9 yaks (D:11)
  2 wyverns
  3 hungry ghosts
  Eustachio (D:6)
  A basilisk (Lair:1)
  Edmund (D:6)
  3 water moccasins
  2 porcupines (Lair:1)
  6 ice beasts (Lair:2)
  3 orc warriors
  A black bear (D:7)
  2 phantoms
  A sky beast (D:9)
  7 ogres
  A necrophage (D:10)
  4 wolves (Lair:1)
  5 centaurs
  6 crocodiles
  15 bullfrogs
  4 scorpions
  10 killer bees
  4 wights (D:6)
  An electric eel (Lair:4)
  3 howler monkeys (D:11)
  A centaur zombie (D:11)
  3 bullfrog zombies
  3 jellies
  4 orc priests
  2 hounds
  7 orc wizards
  A centaur skeleton (D:4)
  2 bullfrog skeletons
  2 iguanas
  8 hell rats (Lair:3)
  10 worker ants
  A hound skeleton (D:5)
  A hound zombie (D:10)
  2 worker ant zombies
  4 gnolls
  18 adders
  15 river rats (Lair:3)
  3 shadow imps
  3 white imps (Lair:2)
  An adder zombie (D:5)
  2 adder skeletons (D:4)
  3 worms
  2 dart slugs
  9 leopard geckos
  21 orcs
  A ball python (D:4)
  6 giant cockroaches
  9 goblins
  5 hobgoblins
  9 jackals
  15 kobolds
  8 quokkas
  15 bats
  5 frilled lizards
  A leopard gecko skeleton (D:6)
  A quokka skeleton (D:4)
  15 rats
  A plant (Lair:2)
336 creatures vanquished.

Vanquished Creatures (collateral kills)
  A soldier ant (D:8)
  3 orcs (D:7)
4 creatures vanquished.

Vanquished Creatures (others)
  2 hornets (D:8)
  A bush (Lair:4)
  4 fungi
  5 plants
12 creatures vanquished.

Grand Total: 352 creatures vanquished

Notes
Turn   | Place    | Note
-------+----------+-------------------------------------------
     0 | D:1      | Borgoz the Ghoul Monk began the quest for the Orb.
     0 | D:1      | Reached XP level 1. HP: 19/19 MP: 0/0
    90 | D:1      | Reached XP level 2. HP: 25/26 MP: 1/1
   144 | D:1      | Reached skill level 3 in Short Blades
   306 | D:1      | Reached XP level 3. HP: 10/31 MP: 2/2
   684 | D:1      | Reached skill level 1 in Armour
   960 | D:1      | Reached XP level 4. HP: 34/39 MP: 3/3
  1130 | D:2      | Found a faded altar of an unknown god.
  1761 | D:2      | Reached XP level 5. HP: 41/46 MP: 4/4
  1839 | D:2      | You fall through a shaft!
  2337 | D:2      | Reached skill level 4 in Short Blades
  3191 | D:3      | Reached XP level 6. HP: 53/53 MP: 5/5
  3229 | D:3      | Found a deep blue altar of Sif Muna.
  3575 | D:4      | Found a shadowy altar of Dithmenos.
  3600 | D:4      | Reached XP level 7. HP: 15/60 MP: 6/6
  3852 | D:4      | Reached skill level 5 in Short Blades
  3934 | D:4      | Reached skill level 5 in Fighting
  3971 | D:4      | Found an iron altar of Okawaru.
  4109 | D:4      | You fall through a shaft for 3 floors!
  4395 | D:7      | Found a staircase to the Ecumenical Temple.
  4435 | D:7      | Reached XP level 8. HP: 63/69 MP: 7/7
  4449 | Temple   | Entered the Ecumenical Temple
  4640 | Temple   | Became a worshipper of Ashenzari the Shackled
  4640 | Temple   | Reached * piety under Ashenzari
  4640 | Temple   | Reached ** piety under Ashenzari
  4840 | D:7      | Found a stormy altar of Qazlal.
  4878 | D:7      | Reached skill level 6 in Short Blades
  5517 | D:5      | Entered Level 5 of the Dungeon
  5746 | D:5      | Reached skill level 5 in Dodging
  5882 | D:5      | Found a hide-covered altar of Uskayaw.
  5882 | D:5      | Found an ancient bone altar of Kikubaaqudgha.
  6839 | D:6      | Reached XP level 9. HP: 49/74 MP: 8/8
  7039 | D:6      | Reached skill level 7 in Short Blades
  7140 | D:6      | Noticed Edmund
  7196 | D:6      | Killed Edmund
  7230 | D:6      | Noticed Eustachio
  7339 | D:6      | Killed Eustachio
  7612 | D:6      | Reached skill level 5 in Armour
  8369 | D:8      | Noticed a two-headed ogre
  8679 | D:8      | Killed a two-headed ogre
  8679 | D:8      | Reached XP level 10. HP: 48/85 MP: 9/9
  8686 | D:8      | Reached skill level 8 in Short Blades
  8690 | D:8      | Noticed a gargoyle
  8728 | D:8      | Killed a gargoyle
  9053 | D:8      | Found a basalt altar of Yredelemnul.
  9053 | D:8      | Found a snail-covered altar of Cheibriados.
  9054 | D:8      | Found a radiant altar of Vehumet.
  9054 | D:8      | Found a blossoming altar of Fedhas.
  9054 | D:8      | Noticed Harold
  9387 | D:9      | Found a runed translucent gate.
  9387 | D:9      | Found a runed translucent gate.
  9387 | D:9      | Found a runed translucent gate.
  9668 | D:8      | Found a bloodstained altar of Trog.
  9671 | D:8      | Found a hazy altar of Hepliaklqana.
  9686 | D:8      | Reached *** piety under Ashenzari
  9830 | D:8      | Killed Harold
  9830 | D:8      | Reached skill level 5 in Stealth
 10163 | D:8      | Found Upumul's Distillery.
 10168 | D:8      | Bought a potion of degeneration for 12 gold pieces
 10168 | D:8      | Bought a potion of heal wounds for 60 gold pieces
 10175 | D:8      | Bought a potion of haste for 120 gold pieces
 10201 | D:8      | Noticed Maurice
 10251 | D:8      | Killed Maurice
 10782 | D:9      | Noticed Lanoc's ghost (journeyman FoEE)
 10813 | D:9      | Identified the cursed +3 whip of the Sea {venom, +Inv rElec
                  | rC+}
 10813 | D:9      | Noticed a kobold demonologist
 10908 | D:9      | Found a staircase to the Lair.
 10985 | D:10     | Entered Level 10 of the Dungeon
 11448 | D:10     | Identified a scroll of acquirement
 11643 | D:10     | Noticed a gargoyle
 11649 | D:10     | Killed a gargoyle
 11649 | D:10     | Reached skill level 9 in Short Blades
 11649 | D:10     | Reached XP level 11. HP: 92/92 MP: 10/10
 12113 | D:11     | Noticed a two-headed ogre
 12140 | D:11     | Killed a two-headed ogre
 12249 | D:11     | Found a staircase to the Orcish Mines.
 12935 | D:11     | Noticed a green ugly thing
 13615 | Lair:1   | Entered Level 1 of the Lair of Beasts
 14368 | Lair:1   | Reached **** piety under Ashenzari
 14943 | Lair:2   | Found a runed translucent door.
 14943 | Lair:2   | Noticed Buarolus's ghost (journeyman DEFE)
 14999 | Lair:2   | Noticed an oklob plant
 14999 | Lair:2   | Noticed an oklob plant
 15001 | Lair:2   | Noticed an oklob plant
 15405 | Lair:2   | Found a hole to the Spider Nest.
 15710 | Lair:2   | Learned a level 1 spell: Confusing Touch
 15714 | Lair:2   | Learned a level 3 spell: Confuse
 15780 | Lair:2   | Reached XP level 12. HP: 92/101 MP: 11/11
 16035 | Lair:2   | Reached skill level 10 in Short Blades
 16214 | Lair:3   | Got the cursed scale mail of Biupn {rC+ Dex+4}
 16225 | Lair:3   | Identified the cursed +1 scale mail of Biupn {rC+ Dex+4}
                  | (You found it on level 3 of the Lair of Beasts)
 16385 | Lair:3   | Noticed a seven-headed hydra
 16404 | Lair:3   | Killed a seven-headed hydra
 16404 | Lair:3   | Reached skill level 1 in Hexes
 16417 | Lair:3   | Found a staircase to the Swamp.
 16421 | Lair:3   | Noticed an eight-headed hydra
 16433 | Lair:3   | Killed an eight-headed hydra
 16433 | Lair:3   | Reached skill level 1 in Spellcasting
 16452 | Lair:3   | Noticed Fannar
 16486 | Lair:3   | Killed Fannar
 17023 | Lair:3   | HP: 2/102 [hell rat (5)]
 17942 | Lair:4   | Impaled on a porcupine's spines

Levels and vault maps discovered:
D:1:      lightli_arrival_windingriver, layout_loops_cross
D:2:      minmay_general_purpose_star, layout_rooms,
          chequers_ecumenical_altar_island
D:3:      layout_loops_corners, led_sif_pool, serial_rivers,
          chequers_serial_rivers_small_a, chequers_serial_rivers_small_a,
          chequers_serial_rivers_micro_a, chequers_serial_rivers_large_b,
          chequers_serial_rivers_room_b, st_stairs_14
D:4:      layout_basic, old_standard_altar, lemuel_round_altar, first_ration,
          minmay_manual_mail
D:5:      layout_cave_pools, gammafunk_temple_overflow_elements
D:6:      layout_loops_ring, uniq_eustachio, uniq_edmund
D:7:      layout_loops_cross, nicolae_qazlal_eye_of_the_storm,
          minmay_temple_entry_gardened_gates
D:8:      layout_basic, grunt_temple_overflow_open, serial_shops,
          kennysheep_little_box, hangedman_pestilent_swarm, uniq_maurice,
          uniq_harold
D:9:      layout_loops_ring, lair_entry_dummy, gammafunk_ghost_nasty_kobolds
D:10:     layout_rooms, serial_curves, eino_curves_03, eino_curves_03,
          nrook_campfire
D:11:     layout_loops_corners, orc_0_dummy
Temple:   jpeg_temple_alley_garden
Lair:1:   layout_cave_shapes, grunt_megastairs_1
Lair:2:   layout_chaotic_city, spider_nest_entry_web_field,
          hellmonk_ghost_happy_afterlife, ice2_lemuel, minmay_lair_oklob_chamber
Lair:3:   lemuel_ratsnest, layout_small_grid, swamp_mist_pool, uniq_fannar
Lair:4:   pond_and_an_island_with_a_cottage, layout_loops_ring, serial_forest,
          infiniplex_forest_lined_2, infiniplex_forest_straight_5,
          infiniplex_forest_lined_2, infiniplex_forest_straight_5,
          infiniplex_forest_lined_corner

Skill      XL: |  1  2  3  4  5  6  7  8  9 10 11 12 |
---------------+-------------------------------------+-----
Short Blades   | 3 4 5 6 7 9 10 | 10.3
Armour         | 1 2 3 4 5 7 8 |  8.9
Dodging        | 3 4 5 6 7 9 |  9.4
Fighting       | 4 5 6 7 8 9 |  9.0
Stealth        | 4 5 6 7 |  7.5
Hexes          | 2 |  2.4
Spellcasting   | 1 |  1.6

Action                   |  1- 3 |  4- 6 |  7- 9 | 10-12 || total
-------------------------+-------+-------+-------+-------++-------
Melee: Short sword       |   121 |       |       |  1558 ||  1679
       Dagger            |    41 |   513 |  1040 |   513 ||  2107
 Fire: Blowgun           |       |       |       |    21 ||    21
 Cast: Confusing Touch   |       |       |       |     7 ||     7
Evoke: Wand              |       |     2 |    22 |    24 ||    48
  Use: Scroll            |     5 |     6 |    11 |    12 ||    34
       Potion            |       |       |    13 |    12 ||    25
 Stab: Paralysed         |       |     2 |     1 |     1 ||     4
       Confused          |       |       |     1 |    13 ||    14
       Held in net/web   |       |       |       |     1 ||     1
       Distracted        |       |       |       |     2 ||     2
       Invisible         |       |       |       |     1 ||     1
  Eat: Chunk             |    18 |    11 |    33 |    77 ||   139
Armor: Robe              |    27 |       |       |       ||    27
       Plate armour      |    85 |   397 |   628 |   497 ||  1607
       Scale mail        |       |       |       |    60 ||    60
Dodge: Dodged            |    94 |   119 |   328 |   531 ||  1072

Table legend:
 A = Non-vault XP
 B = Vault XP
 C = Vault XP percentage of total XP
 D = Non-vault monster count
 E = Vault monster count
 F = Vault count percentage of total count
                 A         B        C        D         E       F
            +---------+---------+-------+---------+---------+-------
      Total |   20642 |    4864 |  19.1 |     277 |      63 |  18.5
            +---------+---------+-------+---------+---------+-------
        D:1 |      83 |       0 |   0.0 |      40 |       0 |   0.0
        D:2 |      74 |       0 |   0.0 |      16 |       0 |   0.0
        D:3 |     176 |       2 |   1.1 |      30 |       1 |   3.2
        D:4 |     616 |      23 |   3.6 |      22 |       4 |  15.4
        D:5 |     158 |       0 |   0.0 |      14 |       0 |   0.0
        D:6 |    1434 |     331 |  18.8 |      30 |       2 |   6.2
        D:7 |     906 |       0 |   0.0 |      16 |       0 |   0.0
        D:8 |    2089 |    1704 |  44.9 |      18 |       5 |  21.7
        D:9 |    1012 |       0 |   0.0 |      12 |       0 |   0.0
       D:10 |    1587 |       0 |   0.0 |      16 |       0 |   0.0
       D:11 |    4170 |       0 |   0.0 |      30 |       0 |   0.0
     Lair:1 |    2631 |     143 |   5.2 |      14 |       1 |   6.7
     Lair:2 |     457 |    1111 |  70.9 |       3 |      10 |  76.9
     Lair:3 |    2803 |    1550 |  35.6 |       9 |      40 |  81.6
     Lair:4 |    2446 |       0 |   0.0 |       7 |       0 |   0.0
            +---------+---------+-------+---------+---------+-------
